 Dungeon Crawl Stone Soup version 0.27-a0-46-g34d46f0a3f (webtiles) character file.

Game seed: 1094537027308236431

24 Borgoz the Slasher (level 2, 0/25 HPs)
             Began as a Draconian Gladiator on Jan 7, 2021.
             Succumbed to an adder's poison
             ... on level 2 of the Dungeon.
             The game lasted 00:00:27 (462 turns).

Borgoz the Slasher (Draconian Gladiator)             Turns: 462, Time: 00:00:27

Health: 0/25       AC:  4    Str: 16    XL:     2   Next: 79%
Magic:  2/2        EV: 13    Int:  8    God:
Gold:   14         SH:  0    Dex: 12    Spells: 1/1 levels left

rFire    . . .     SeeInvis .   a - +0 long sword
rCold    . . .     Faith    .   (no shield)
rNeg     . . .     Spirit   .   (armour unavailable)
rPois    .         Reflect  .   b - +0 hat
rElec    .         Harm     .   (no cloak)
rCorr    .         Rampage  .   (no gloves)
Will     .....                  (no boots)
Stlth    +.........             (no amulet)
HPRegen  0.08/turn              (no ring)
MPRegen  0.08/turn              (no ring)

@: lethally poisoned (0 -> -4)
A: unfitting armour, cold-blooded, AC +4
a: no special abilities


You were on level 2 of the Dungeon.
You visited 1 branch of the dungeon, and saw 2 of its levels.

You collected 14 gold pieces.

Inventory:

Hand Weapons
 a - a +0 long sword (weapon)
Missiles
 c - 2 throwing nets (quivered)
Armour
 b - a +0 hat (worn)


   Skills:
 + Level 2.4 Fighting
 * Level 3.4 Long Blades
 - Level 1.7 Throwing
 * Level 3.1 Dodging
 + Level 0.7 Stealth


You had one spell level left.
You didn't know any spells.
Your spell library was empty.

Dungeon Overview and Level Annotations

Branches:
Dungeon (1/15)

Altars:
Elyvilon


Innate Abilities, Weirdness & Mutations

Your plain brown scales are hard. (AC +4)
You cannot fit into any form of body armour.
You are cold-blooded and may be slowed by cold attacks.


Message History

You aren't carrying any potions.
You aren't carrying any potions.
You see here an adder corpse.
A kobold comes into view. It is wielding a +0 whip.
* * * LOW HITPOINT WARNING * * *
You feel sick.
* * * LOW HITPOINT WARNING * * *
You feel sick.
The kobold shouts!
The kobold throws a stone.
The stone hits you.
* * * LOW HITPOINT WARNING * * *
You see here a stone.
* * * LOW HITPOINT WARNING * * *
You feel sick.
The kobold throws a stone.
The stone closely misses you. The kobold barely misses you.
You riposte.
You hit the kobold but do no damage. You tail-slap the kobold.
You kill the kobold!
Things that are here:
a +0 whip; 2 stones You die...

#.#
#.#
#.#
#.#
#.##
...
#.(#
##(#
#.#
#.#
#)#
#@#
#.#
#.#
#..
###


There were no monsters in sight!

Vanquished Creatures
  An adder (D:2)
  2 worms (D:2)
  A dart slug (D:1)
  A bat (D:2)
  2 giant cockroaches
  A goblin (D:2)
  A kobold (D:2)
9 creatures vanquished.

Notes
Turn   | Place    | Note
-------+----------+-------------------------------------------
     0 | D:1      | Borgoz the Draconian Gladiator began the quest for the Orb.
     0 | D:1      | Reached XP level 1. HP: 17/17 MP: 1/1
    98 | D:1      | You fall into a shaft and drop 1 floor!
    98 | D:2      | Found a white marble altar of Elyvilon.
   232 | D:2      | Reached XP level 2. HP: 10/25 MP: 2/2
   459 | D:2      | HP: 1/25 [poisoned by an adder]
   462 | D:2      | Succumbed to an adder's poison

Illustrated notes

Levels and vault maps discovered:
D:1:      dpeg_arrival_renting, layout_basic
D:2:      layout_loops_ring, elyvilon_altar_1, corexii_shack,
          nicolae_ru_great_annihilating_truth, uniq_crazy_yiuf_cottage

Skill      XL: |  1  2 |
---------------+-------+-----
Dodging        | 3 |  3.1
Fighting       | |  2.4
Long Blades    | |  3.4
Throwing       | |  1.7
Stealth        | |  0.7

Action                   || total
-------------------------++-------
Melee: Long sword        ||    37
       Tailslap          ||     3
Throw: Throwing net      ||     2
 Stab: Sleeping          ||     1
Armor: Skin              ||     8
Dodge: Dodged            ||    25
       Rpst.: Long sword ||     9

Table legend: (Time is in decaauts)
 A = Elapsed time spent in this place.
 B = Non-inter-level travel time spent in this place.
 C = Inter-level travel time spent in this place.
 D = Time resting spent in this place.
 E = Time spent auto-exploring this place.
 F = Levels seen in this place.
 G = Mean time per level.
                   A        B        C        D        E       F      G
               +--------+--------+--------+--------+--------+-----+--------+
         Total |    471 |    471 |      0 |    185 |    202 |   2 |  235.5 |
       Dungeon |    471 |    471 |      0 |    185 |    202 |   2 |  235.5 |
               +--------+--------+--------+--------+--------+-----+--------+

Top non-repeatable levels by time:
     D:2: 371 daAuts
     D:1: 99 daAuts
